 Dungeon Crawl Stone Soup version 0.24.0-13-gcf9b319 (webtiles) character file.

Game seed: 13737496751935665966, levelgen mode: deterministic

132 silenth the Insei (level 4, -15/37 HPs)
             Began as a Vampire Monk on Jan 29, 2020.
             Engulfed by Ijyb's freezing vapour (22 damage)
             ... on level 3 of the Dungeon.
             The game lasted 00:02:38 (1473 turns).

silenth the Insei (Vampire Monk)                    Turns: 1473, Time: 00:02:39

Health: -15/37     AC:  3    Str: 11    XL:     4   Next: 92%
Magic:  4/4        EV: 19    Int: 12    God:
Gold:   125        SH:  0    Dex: 21    Spells: 3/3 levels left

rFire    . . .     SeeInvis +     - Unarmed
rCold    . . .     Gourm    .   (no shield)
rNeg     . . .     Faith    .   a - +0 robe
rPois    .         Spirit   .   (no helmet)
rElec    .         Reflect  .   m - +0 cloak
rCorr    .         Harm     .   (no gloves)
MR       +....                  (no boots)
Stlth    ++++......             (no amulet)
HPRegen  0.32/turn              e - ring of protection from magic
MPRegen  0.09/turn              (no ring)

@: agile, regenerating quickly
A: no food, fangs 3, see invisible, unbreathing
a: Exsanguinate


You were on level 3 of the Dungeon.
You were alive.

You visited 1 branch of the dungeon, and saw 3 of its levels.

You collected 125 gold pieces.

Inventory:

Armour
 a - a +0 robe (worn)
 g - a scarf of cloud immunity
 m - a +0 cloak (worn)
Jewellery
 e - a ring of protection from magic (left hand)
Wands
 l - a wand of random effects (11)
Scrolls
 c - 3 scrolls of teleportation
 d - 2 scrolls of fog {unknown}
 f - a scroll of fear {unknown}
 k - a scroll of noise {unknown}
 n - a scroll of blinking {unknown}
 o - a scroll of magic mapping
 r - 2 scrolls of remove curse
Potions
 b - a potion of cancellation
 h - a potion of curing
 j - a potion of brilliance


   Skills:
 + Level 3.6 Fighting
 - Level 3.2 Dodging
 - Level 3.0 Stealth
 * Level 5.4 Unarmed Combat


You had 3 spell levels left.
You didn't know any spells.
Your spell library was empty.

Dungeon Overview and Level Annotations

Branches:
Dungeon (3/15)

Altars:
Cheibriados
Gozag
Hepliaklqana
Uskayaw
Wu Jian
Xom
The Shining One

Annotations:
D:3 Ijyb


Innate Abilities, Weirdness & Mutations

You do not eat.
Your natural rate of healing is unusually fast.
You have razor-sharp teeth.
You have supernaturally acute eyesight. (SInv)
You can survive without breathing.


Message History

You hit Ijyb but do no damage. Your bite misses Ijyb.
Ijyb is heavily wounded.
You are engulfed in poison gas.
You are more poisoned.
You feel very sick.
You hear a shout!
Ijyb completely misses you.
Okay, then.
You are engulfed in poison gas.
You are more poisoned.
* * * LOW HITPOINT WARNING * * *
You feel very sick.
* * * LOW HITPOINT WARNING * * *
You feel very sick.
Ijyb is poisoned.
Ijyb screams, "No!
No, no, no, no!"
Ijyb zaps a wand.
Ijyb creates a blast of freezing vapour!
You feel better.
You are engulfed in freezing vapours.
Ouch! That really hurt!
You die...

*..,*#.#***!# *,********
*,,.##.####.###**,,,,,<,,*
**,,..........,**,,*****,**
****#g##.#.#*,**,,**,,,,,**
#######§§....##,**,,,,,**,,,,
**
#.....§§§§(...#,***,*****,***
,**##.####§###.##.#,*
*,,,,>,,* ,,,........#
#g##.#.# *********
,**##K####.###§§@§..# **
#.#......§§##§### **
#......#####*.#**** ,*
###.#### *,..,,,* ,** **#.***
*,.##*,* ,,* *,.,,,*
**,..**,* ,,* *.,,,,*
*,,..,,,* ,,* #.,,,,*
*,,#.**,* ,,* *,,,,,*
*,,,,,,,*


You could see Ijyb.

Vanquished Creatures
  An orc wizard (D:3)
  Jessica (D:2)
  2 adders (D:2)
  A worm (D:2)
  2 dart slugs (D:2)
  3 leopard geckos
  4 orcs (D:3)
  A ball python (D:3)
  2 bats
  3 giant cockroaches
  6 goblins (D:1)
  3 hobgoblins
  3 frilled lizards
  6 kobolds
  10 rats
48 creatures vanquished.

Vanquished Creatures (others)
  A kobold (D:3)
1 creature vanquished.

Grand Total: 49 creatures vanquished

Notes
Turn   | Place    | Note
-------+----------+-------------------------------------------
     0 | D:1      | silenth the Vampire Monk began the quest for the Orb.
     0 | D:1      | Reached XP level 1. HP: 17/17 MP: 1/1
   189 | D:1      | Reached XP level 2. HP: 22/23 MP: 2/2
   290 | D:1      | Reached skill level 3 in Fighting
   292 | D:1      | Reached skill level 4 in Unarmed Combat
   608 | D:1      | Reached XP level 3. HP: 29/29 MP: 3/3
   676 | D:2      | Found a glowing golden altar of the Shining One.
   676 | D:2      | Found an opulent altar of Gozag.
   735 | D:2      | Found a hide-covered altar of Uskayaw.
   737 | D:2      | Found a shimmering altar of Xom.
   738 | D:2      | Found a snail-covered altar of Cheibriados.
   740 | D:2      | Found an ornate altar of the Wu Jian Council.
   780 | D:2      | Noticed Jessica
   788 | D:2      | Killed Jessica
   850 | D:2      | Reached XP level 4. HP: 26/35 MP: 4/4
  1063 | D:2      | Reached skill level 5 in Unarmed Combat
  1237 | D:2      | Found a hazy altar of Hepliaklqana.
  1440 | D:3      | Noticed Ijyb
  1472 | D:3      | HP: 1/37 [poisoned by Ijyb (poison gas)]
  1473 | D:3      | Engulfed by Ijyb's freezing vapour

Levels and vault maps discovered:
D:1:      dpeg_arrival_short_road, layout_rooms, roderic_nine_men_s_morris
D:2:      layout_loops_cross, minitemple, lemuel_crystal_altar,
          gammafunk_temple_overflow_elements, uniq_jessica
D:3:      layout_loops_cross, grunt_ministairs_13, nrook_loot_triangle,
          due_unseen_surprise, uniq_ijyb

Skill      XL: |  1  2  3  4 |
---------------+-------------+-----
Fighting       | 3 |  3.6
Unarmed Combat | 4 5 |  5.4
Dodging        | |  3.2
Stealth        | |  3.0

Action                   |  1- 3 |  4- 6 || total
-------------------------+-------+-------++-------
Melee: Unarmed           |    87 |    72 ||   159
       Bite              |     6 |     7 ||    13
       Punch             |     4 |     6 ||    10
  Use: Scroll            |       |     9 ||     9
       Potion            |       |     3 ||     3
 Stab: Sleeping          |     1 |     3 ||     4
Armor: Robe              |    17 |     6 ||    23
Dodge: Dodged            |    69 |    41 ||   110
